| TOP OF THE 1ST |
|
Washington Nationals batting - Pitching for New York Mets : LHP Lewis Thorpe Jr.
|
|
Pitching: LHP Lewis Thorpe Jr.
|
|
|
Batting: RHB Luis Torres
|
0-0: Ball 1-0: Ball 2-0: Called Strike 2-1: Foul Ball, location: 2F 2-2: Foul Ball, location: 2F 2-2: Ball 3-2: Base on Balls
|
|
Batting: RHB C.J. Beavers
|
0-0: Ball 1-0: Foul Ball, location: 2F 1-1: Ball 2-1: Ball 3-1: Foul Ball, location: 2F 3-2: Fly out, F7 (Line Drive, 7S, EV 99.4 MPH)
|
|
Batting: RHB John Sanders
|
0-0: Ball 1-0: Fly out, F9 (Flyball, 9, EV 89.4 MPH)
|
|
Batting: RHB Tommy Baird
|
0-0: Called Strike 0-1: Called Strike 0-2: Foul Ball, location: 2F 0-2: Ball Luis Torres steals 2nd base 1-2: Ball 2-2: Ball 3-2: Base on Balls
|
|
Batting: RHB Dan Fallon
|
0-0: Ground out U3 (Groundball, 34, EV 106.3 MPH)
|
| Top of the 1st over - 0 runs, 0 hits, 0 errors, 2 left on base; Washington 0 - New York 0 |
| BOTTOM OF THE 1ST |
|
New York Mets batting - Pitching for Washington Nationals : RHP Danny Diaz
|
|
Pitching: RHP Danny Diaz
|
|
|
Batting: SHB Sean Cook
|
0-0: Ball 1-0: SINGLE (Line Drive, 78S, EV 94.4 MPH)
|
|
Batting: SHB Gus Berry
|
0-0: Ball 1-0: Ball 2-0: Foul Ball, location: 2F 2-1: Sac Bunt to P - play at first, batter OUT! 1-3 Sean Cook to second
|
|
Batting: SHB Nelle van den Berg
|
0-0: Ball 1-0: Ball 2-0: Foul Ball, location: 2F 2-1: Ball 3-1: Base on Balls
|
|
Batting: SHB Harry Hoop
|
0-0: Ball 1-0: Called Strike 1-1: Fielders Choice at 2nd, 3-6 (Groundball, 13, EV 82.5 MPH) Sean Cook to third
|
|
Batting: SHB Johnny Diaz
|
0-0: Ball 1-0: 3-RUN HOME RUN (Flyball, 9LD, EV 99.4 MPH), Distance : 358 ft
|
|
Batting: SHB Kaname Fujimoto
|
0-0: Ball 1-0: Called Strike 1-1: Called Strike 1-2: Ground out U3 (Groundball, 3S, EV 76.9 MPH)
|
| Bottom of the 1st over - 3 runs, 2 hits, 0 errors, 0 left on base; Washington 0 - New York 3 |
| TOP OF THE 2ND |
|
Washington Nationals batting - Pitching for New York Mets : LHP Lewis Thorpe Jr.
|
|
Batting: RHB Jared Speck
|
0-0: Foul Ball, location: 2F 0-1: Ground out 5-3 (Groundball, 5, EV 90.6 MPH)
|
|
Batting: LHB Armando Carbajal
|
0-0: Ball 1-0: Ball 2-0: Foul Ball, location: 2F 2-1: Foul Ball, location: 2F 2-2: Ball 3-2: Fly out, F7 (Flyball, 78S, EV 93.8 MPH)
|
|
Batting: RHB Luis Ramos
|
0-0: Foul Ball, location: 2F 0-1: Ball 1-1: Foul Ball, location: 2F 1-2: Foul Ball, location: 2F 1-2: Foul Ball, location: 2F 1-2: Ball 2-2: Fly out, F8 (Flyball, 8LS, EV 91.9 MPH)
|
| Top of the 2nd over - 0 runs, 0 hits, 0 errors, 0 left on base; Washington 0 - New York 3 |
| BOTTOM OF THE 2ND |
|
New York Mets batting - Pitching for Washington Nationals : RHP Danny Diaz
|
|
Batting: LHB Timo Gomez
|
0-0: Foul Ball, location: 2F 0-1: Swinging Strike 0-2: Ball 1-2: Foul Ball, location: 2F 1-2: Ball 2-2: Foul Ball, location: 2F 2-2: Foul Ball, location: 2F 2-2: Foul Ball, location: 2F 2-2: Ball 3-2: Foul Ball, location: 2F 3-2: Strikes out swinging
|
|
Batting: SHB Tomas Caldera
|
0-0: Called Strike 0-1: Swinging Strike 0-2: Ball 1-2: Foul Ball, location: 2F 1-2: TRIPLE (Line Drive, 8LXD, EV 97.5 MPH)
|
|
Batting: SHB Scott Scott
|
0-0: Called Strike 0-1: Ball 1-1: Ball 2-1: Foul Ball, location: 2F 2-2: Foul Ball, location: 2F 2-2: Ball 3-2: Foul Ball, location: 2F 3-2: Foul Ball, location: 2F 3-2: Strikes out swinging
|
|
Batting: SHB Sean Cook
|
0-0: Ball 1-0: Fly out, F4 (Flyball, 4D, EV 85.6 MPH)
|
| Bottom of the 2nd over - 0 runs, 1 hit, 0 errors, 1 left on base; Washington 0 - New York 3 |
| TOP OF THE 3RD |
|
Washington Nationals batting - Pitching for New York Mets : LHP Lewis Thorpe Jr.
|
|
Batting: RHB Masashi Yukizawa
|
0-0: Ball 1-0: Called Strike 1-1: Fly out, F8 (Flyball, 8LD, EV 106.3 MPH)
|
|
Batting: RHB Luis Torres
|
0-0: Ball 1-0: DOUBLE (Groundball, 3D, EV 106.9 MPH)
|
|
Batting: RHB C.J. Beavers
|
0-0: Foul Ball, location: 2F 0-1: Swinging Strike 0-2: Ball 1-2: DOUBLE (Line Drive, 78D, EV 108.1 MPH) Luis Torres scores
|
|
Batting: RHB John Sanders
|
0-0: Swinging Strike 0-1: Foul Ball, location: 2F 0-2: Foul Ball, location: 2F 0-2: Ball 1-2: Ball 2-2: Ball 3-2: Foul Ball, location: 2F 3-2: Ground out 1-3 (Groundball, 13S, EV 68.8 MPH) C.J. Beavers to third
|
|
Batting: RHB Tommy Baird
|
0-0: Ball 1-0: Called Strike 1-1: Swinging Strike 1-2: Foul Ball, location: 2F 1-2: TRIPLE (Groundball, 5L, EV 98.8 MPH) C.J. Beavers scores
|
|
Batting: RHB Dan Fallon
|
0-0: Swinging Strike 0-1: SINGLE (Groundball, 34D, EV 106.3 MPH) Tommy Baird scores
|
|
Batting: RHB Jared Speck
|
0-0: Called Strike 0-1: Ball 1-1: Swinging Strike 1-2: Strikes out swinging
|
| Top of the 3rd over - 3 runs, 4 hits, 0 errors, 1 left on base; Washington 3 - New York 3 |
| BOTTOM OF THE 3RD |
|
New York Mets batting - Pitching for Washington Nationals : RHP Danny Diaz
|
|
Batting: SHB Gus Berry
|
0-0: Ball 1-0: Ball 2-0: Ball 3-0: Base on Balls
|
|
Batting: SHB Nelle van den Berg
|
0-0: Ball 1-0: Fly out, F8 (Flyball, 8RD, EV 90.0 MPH)
|
|
Batting: SHB Harry Hoop
|
0-0: Foul Ball, location: 2F 0-1: Ball Gus Berry steals 2nd base 1-1: Hit by Pitch
|
|
Batting: SHB Johnny Diaz
|
0-0: Foul Ball, location: 2F 0-1: Called Strike 0-2: Ball 1-2: Ball 2-2: Strikes out swinging
|
|
Batting: SHB Kaname Fujimoto
|
0-0: Ball 1-0: Fly out, F9 (Line Drive, 9D, EV 108.8 MPH)
|
| Bottom of the 3rd over - 0 runs, 0 hits, 0 errors, 2 left on base; Washington 3 - New York 3 |
| TOP OF THE 4TH |
|
Washington Nationals batting - Pitching for New York Mets : LHP Lewis Thorpe Jr.
|
|
Batting: LHB Armando Carbajal
|
0-0: Called Strike 0-1: Ball 1-1: Foul Ball, location: 2F 1-2: Ground out 1-3 (Groundball, 34S, EV 66.3 MPH)
|
|
Batting: RHB Luis Ramos
|
0-0: Foul Ball, location: 2F 0-1: Ball 1-1: Ground out 5-3 (Groundball, 15, EV 78.8 MPH)
|
|
Batting: RHB Masashi Yukizawa
|
0-0: Called Strike 0-1: Foul Ball, location: 2F 0-2: Ball 1-2: Ground out 6-3 (Groundball, 6, EV 110.6 MPH)
|
| Top of the 4th over - 0 runs, 0 hits, 0 errors, 0 left on base; Washington 3 - New York 3 |
| BOTTOM OF THE 4TH |
|
New York Mets batting - Pitching for Washington Nationals : RHP Danny Diaz
|
|
Batting: LHB Timo Gomez
|
0-0: Called Strike 0-1: Ball 1-1: Foul Ball, location: 2F 1-2: Ground out 4-3 (Groundball, 34D, EV 103.1 MPH)
|
|
Batting: SHB Tomas Caldera
|
0-0: Called Strike 0-1: Foul Ball, location: 2F 0-2: Ground out U3 (Groundball, 34, EV 90.0 MPH)
|
|
Batting: SHB Scott Scott
|
0-0: Ball 1-0: Swinging Strike 1-1: Called Strike 1-2: Foul Ball, location: 2F 1-2: Strikes out looking
|
| Bottom of the 4th over - 0 runs, 0 hits, 0 errors, 0 left on base; Washington 3 - New York 3 |
| TOP OF THE 5TH |
|
Washington Nationals batting - Pitching for New York Mets : LHP Lewis Thorpe Jr.
|
|
Batting: RHB Luis Torres
|
0-0: Ball 1-0: Foul Ball, location: 2F 1-1: Called Strike 1-2: Ground out 5-3 (Groundball, 56S, EV 70.0 MPH)
|
|
Batting: RHB C.J. Beavers
|
0-0: SINGLE (Groundball, 56D, EV 103.1 MPH)
|
|
Batting: RHB John Sanders
|
0-0: Called Strike 0-1: Ball Wild Pitch! C.J. Beavers to second 1-1: Ball 2-1: Foul Ball, location: 2F 2-2: Ball 3-2: Strikes out swinging
|
|
Batting: RHB Tommy Baird
|
0-0: Ball 1-0: Ball 2-0: Ball 3-0: Base on Balls
|
|
Batting: RHB Dan Fallon
|
0-0: Foul Ball, location: 2F 0-1: Ball 1-1: Foul Ball, location: 2F 1-2: Foul Ball, location: 2F 1-2: Ball 2-2: Ball 3-2: Foul Ball, location: 2F 3-2: Ground out 6-3 (Groundball, 6, EV 82.5 MPH)
|
| Top of the 5th over - 0 runs, 1 hit, 0 errors, 2 left on base; Washington 3 - New York 3 |
| BOTTOM OF THE 5TH |
|
New York Mets batting - Pitching for Washington Nationals : RHP Danny Diaz
|
|
Batting: SHB Sean Cook
|
0-0: Swinging Strike 0-1: Fly out, F9 (Flyball, 9D, EV 95.6 MPH)
|
|
Batting: SHB Gus Berry
|
0-0: Called Strike 0-1: Fly out, F9 (Flyball, 9S, EV 95.0 MPH)
|
|
Batting: SHB Nelle van den Berg
|
0-0: Called Strike 0-1: Called Strike 0-2: Foul Ball, location: 2F 0-2: Ball 1-2: Foul Ball, location: 2F 1-2: Strikes out looking
|
| Bottom of the 5th over - 0 runs, 0 hits, 0 errors, 0 left on base; Washington 3 - New York 3 |
| TOP OF THE 6TH |
|
Washington Nationals batting - Pitching for New York Mets : LHP Lewis Thorpe Jr.
|
|
Batting: RHB Jared Speck
|
0-0: Swinging Strike 0-1: Foul Ball, location: 2F 0-2: Ball 1-2: Ball 2-2: Strikes out looking
|
|
Batting: LHB Armando Carbajal
|
0-0: Ball 1-0: Ball 2-0: Called Strike 2-1: Called Strike 2-2: Strikes out swinging
|
|
Batting: RHB Luis Ramos
|
0-0: Called Strike 0-1: Ball 1-1: Ground out 5-3 (Groundball, 56, EV 89.4 MPH)
|
| Top of the 6th over - 0 runs, 0 hits, 0 errors, 0 left on base; Washington 3 - New York 3 |
| BOTTOM OF THE 6TH |
|
New York Mets batting - Pitching for Washington Nationals : RHP Danny Diaz
|
|
Batting: SHB Harry Hoop
|
0-0: Ball 1-0: Ball 2-0: Ball 3-0: Called Strike 3-1: Base on Balls
|
|
Batting: SHB Johnny Diaz
|
0-0: Fly out, F9 (Flyball, 9D, EV 83.8 MPH)
|
|
Batting: SHB Kaname Fujimoto
|
0-0: Ball 1-0: Foul Ball, location: 2F 1-1: Foul Ball, location: 2F 1-2: Strikes out swinging
|
|
Pitching: RHP Brian Ramirez
|
|
|
Batting: LHB Timo Gomez
|
0-0: Ball 1-0: Called Strike 1-1: Ball 2-1: Ground out 6-3 (Groundball, 4MS, EV 87.5 MPH)
|
| Bottom of the 6th over - 0 runs, 0 hits, 0 errors, 1 left on base; Washington 3 - New York 3 |
| TOP OF THE 7TH |
|
Washington Nationals batting - Pitching for New York Mets : LHP Lewis Thorpe Jr.
|
|
Pitching: RHP Victor Morin
|
|
|
Pinch Hitting: LHB Yasahiko Teshima
|
0-0: Ball 1-0: Ball 2-0: Ball 3-0: Base on Balls
|
|
Batting: RHB Luis Torres
|
0-0: Ball 1-0: Foul Ball, location: 2F 1-1: Grounds into double play, 4-6-3 (Groundball, 4, EV 102.5 MPH)
|
|
Batting: RHB C.J. Beavers
|
0-0: Ball 1-0: Called Strike 1-1: Ground out 4-3 (Groundball, 4, EV 85.6 MPH)
|
| Top of the 7th over - 0 runs, 0 hits, 0 errors, 0 left on base; Washington 3 - New York 3 |
| BOTTOM OF THE 7TH |
|
New York Mets batting - Pitching for Washington Nationals : RHP Brian Ramirez
|
|
Now at 1B: Yasahiko Teshima
|
|
|
Now at 3B: Armando Carbajal
|
|
|
Batting: SHB Tomas Caldera
|
0-0: Called Strike 0-1: Foul Ball, location: 2F 0-2: Strikes out looking
|
|
Batting: SHB Scott Scott
|
0-0: Called Strike 0-1: Ball 1-1: Ball 2-1: Swinging Strike 2-2: Strikes out looking
|
|
Batting: SHB Sean Cook
|
0-0: Ball 1-0: Ball 2-0: Ball 3-0: Called Strike 3-1: Base on Balls
|
|
Batting: SHB Gus Berry
|
0-0: Ball 1-0: Ball Sean Cook steals 2nd base 2-0: Foul Ball, location: 2F 2-1: Foul Ball, location: 2F 2-2: Foul Ball, location: 2F 2-2: Foul Ball, location: 2F 2-2: Ball 3-2: Foul Ball, location: 2F 3-2: SINGLE (Flyball, 7LM, EV 101.9 MPH) Sean Cook to third Runner from 3rd tries for Home, SAFE, throw by LF to home
|
|
Batting: SHB Nelle van den Berg
|
0-0: Called Strike 0-1: Foul Ball, location: 2F 0-2: Ball 1-2: Ground out 1-3 (Groundball, 13S, EV 68.8 MPH)
|
| Bottom of the 7th over - 1 run, 1 hit, 0 errors, 1 left on base; Washington 3 - New York 4 |
| TOP OF THE 8TH |
|
Washington Nationals batting - Pitching for New York Mets : RHP Victor Morin
|
|
Batting: RHB John Sanders
|
0-0: Swinging Strike 0-1: Ground out 4-3 (Groundball, 34, EV 84.4 MPH)
|
|
Batting: RHB Tommy Baird
|
0-0: Ball 1-0: Foul Ball, location: 2F 1-1: Fly out, F9 (Flyball, 9LS, EV 91.9 MPH)
|
|
Batting: RHB Dan Fallon
|
0-0: Ball 1-0: Ground out 5-3 (Groundball, 5, EV 102.5 MPH)
|
| Top of the 8th over - 0 runs, 0 hits, 0 errors, 0 left on base; Washington 3 - New York 4 |
| BOTTOM OF THE 8TH |
|
New York Mets batting - Pitching for Washington Nationals : RHP Brian Ramirez
|
|
Pitching: LHP Keith Pratt
|
|
|
Batting: SHB Harry Hoop
|
0-0: Ball 1-0: Ball 2-0: Ball 3-0: Called Strike 3-1: Called Strike 3-2: Strikes out swinging
|
|
Batting: SHB Johnny Diaz
|
0-0: Ball 1-0: Called Strike 1-1: Ball 2-1: SOLO HOME RUN (Flyball, 78XD, EV 105.6 MPH), Distance : 397 ft
|
|
Batting: SHB Kaname Fujimoto
|
0-0: Ball 1-0: Ball 2-0: Ball 3-0: Called Strike 3-1: Base on Balls
|
|
Batting: LHB Timo Gomez
|
0-0: Swinging Strike 0-1: Ball 1-1: Ball 2-1: Called Strike 2-2: Foul Ball, location: 2F 2-2: Strikes out looking
|
|
Batting: SHB Tomas Caldera
|
0-0: Swinging Strike 0-1: Swinging Strike 0-2: Ball 1-2: Ball 2-2: Strikes out looking
|
| Bottom of the 8th over - 1 run, 1 hit, 0 errors, 1 left on base; Washington 3 - New York 5 |
| TOP OF THE 9TH |
|
Washington Nationals batting - Pitching for New York Mets : RHP Victor Morin
|
|
Pitching: RHP Justin Howard
|
|
|
Now at C: Scott Bartholomew
|
|
|
Batting: RHB Jared Speck
|
0-0: Ball 1-0: Ball 2-0: Swinging Strike 2-1: Ball 3-1: Ground out 6-3 (Groundball, 56, EV 88.1 MPH)
|
|
Batting: LHB Armando Carbajal
|
0-0: Ball 1-0: Foul Ball, location: 2F 1-1: Ball 2-1: Ball 3-1: Base on Balls
|
|
Pinch Hitting: SHB Junzo Kato
|
0-0: Ball 1-0: Called Strike 1-1: Foul Ball, location: 2F 1-2: Foul Ball, location: 2F 1-2: Strikes out swinging
|
|
Batting: LHB Yasahiko Teshima
|
0-0: Called Strike 0-1: Called Strike 0-2: Ground out 4-3 (Groundball, 4, EV 88.8 MPH)
|
| Top of the 9th over - 0 runs, 0 hits, 0 errors, 1 left on base; Washington 3 - New York 5 |
|